 Dungeon Crawl Stone Soup version 0.26-a0-708-g17f3b190f9 (webtiles) character file.

Game seed: 10476470461038615030

45645 Kinoniko the Grappler (level 14, -15/108 HPs)
             Began as a Gnoll Transmuter on Oct 28, 2020.
             Was the Champion of Okawaru.
             Demolished by a swamp worm (28 damage)
             ... on level 6 of the Lair of Beasts.
             The game lasted 00:38:50 (27082 turns).

Kinoniko the Grappler (Gnoll Transmuter)           Turns: 27082, Time: 00:38:50

Health: -15/108    AC: 23    Str: 27    XL:     14   Next: 34%
Magic:  3/6        EV: 16    Int: 17    God:    Okawaru [******]
Gold:   1518       SH:  0    Dex: 18    Spells: 21/33 levels left

rFire    . . .     SeeInvis .   l - +5 battleaxe of Trial by Ordeal {antimagic, +Rage rC+}
rCold    + . .     Faith    +   (shield currently unavailable)
rNeg     . . .     Spirit   .   y - +7 chain mail of the Lost Path {rPois MP-9 Str+4}
rPois    +         Reflect  .   (helmet currently unavailable)
rElec    .         Harm     .   q - +1 cloak {Stlth+}
rCorr    .         Rampage  .   k - +1 pair of gloves {Dex+3}
MR       +....                  (boots currently unavailable)
Stlth    +.........             Q - amulet of faith
HPRegen  0.28/turn              o - +6 ring of strength (curse)
MPRegen  0.10/turn              M - ring of poison resistance

@: appendages, wereblooded
A: distributed training, fangs 1, horns 2, talons 2, strong nose
a: End Transformation, Heroism, Finesse, Renounce Religion, Evoke Berserk Rage


You were on level 6 of the Lair of Beasts.
You worshipped Okawaru.
Okawaru was exalted by your worship.
You had grown temporary horns.
You had grown temporary talons.
You visited 3 branches of the dungeon, and saw 18 of its levels.
You also visited: Gauntlet.

You collected 1623 gold pieces.
You spent 105 gold pieces at shops.

Inventory:

Hand Weapons
 l - the +5 battleaxe of Trial by Ordeal (weapon) {antimagic, +Rage rC+}
   (You found it on level 1 of the Lair of Beasts)

   It reduces the magical energy of the wielder, and disrupts the spells and
   magical abilities of those hit.
   Natural abilities and divine invocations are not affected.
   It protects you from cold.
   It lets you go berserk.
 J - a +7 vampiric trident
 O - a +4 trident of freezing
Missiles
 u - 4 boomerangs
 E - 46 poisoned darts
 R - 19 silver javelins (quivered)
 T - 5 curare-tipped darts
Armour
 f - a +1 buckler
 k - a +1 pair of gloves of dexterity (worn)
 q - a +1 cloak of stealth (worn)
 y - the +7 chain mail of the Lost Path (worn) {rPois MP-9 Str+4}
   (Okawaru gifted it to you on level 1 of the Lair of Beasts)

   It affects your strength (+4).
   It protects you from poison.
   It affects your magic capacity (-9).
 C - a +1 helmet of see invisible (melded)
 D - a +2 pair of boots (melded)
Magical Staves
 Z - an uncursed staff of death {unknown}
Jewellery
 g - an uncursed amulet of guardian spirit
 h - an uncursed amulet of magic regeneration
 j - an uncursed ring of see invisible {unknown}
 m - an uncursed ring of protection from cold
 o - a cursed +6 ring of strength (left hand)
 p - an uncursed ring of protection from fire
 M - a ring of poison resistance (right hand)
 Q - an amulet of faith (around neck)
Wands
 n - a wand of polymorph (30)
 x - a wand of iceblast (35)
 K - a wand of paralysis (7)
 P - a wand of flame (13)
 V - a wand of disintegration (52)
Scrolls
 b - a scroll of magic mapping
 c - 12 scrolls of teleportation
 d - a scroll of identify
 t - 6 scrolls of remove curse
 F - 3 scrolls of amnesia
 G - a scroll of blinking {unknown}
 H - 2 scrolls of fog
 N - 5 scrolls of fear
 S - a scroll of summoning
Potions
 a - 4 potions of stabbing
 e - 4 potions of brilliance
 i - 3 potions of mutation
 r - 2 potions of cancellation {unknown}
 s - 2 potions of magic {unknown}
 v - 4 potions of curing
 w - 3 potions of flight
 z - 2 potions of ambrosia {unknown}
 A - 4 potions of degeneration
 B - a potion of heal wounds {unknown}
 I - 2 potions of invisibility {unknown}
 L - 3 potions of resistance
 U - a potion of might
Miscellaneous
 W - a tin of tremorstones (3/3)


   Skills:
 + Level 9.5 Fighting
 + Level 9.1 Short Blades
 + Level 9.1 Long Blades
 + Level 9.1 Axes
 + Level 9.1 Maces & Flails
 + Level 9.1 Polearms
 + Level 9.1 Staves
 + Level 9.1 Slings
 + Level 9.1 Bows
 + Level 9.1 Crossbows
 + Level 9.1 Throwing
 + Level 9.1 Armour
 + Level 10.2 Dodging
 + Level 9.1 Stealth
 + Level 9.1 Shields
 + Level 11.1 Unarmed Combat
 + Level 10.4 Spellcasting
 + Level 7.6 Conjurations
 + Level 7.6 Hexes
 + Level 7.6 Summonings
 + Level 7.6 Necromancy
 + Level 7.6 Translocations
 + Level 8.6 Transmutations
 + Level 7.6 Fire Magic
 + Level 7.6 Ice Magic
 + Level 7.6 Air Magic
 + Level 7.6 Earth Magic
 + Level 7.6 Poison Magic
 + Level 9.9 Invocations
 + Level 9.1 Evocations


You had 21 spell levels left.
You knew the following spells:

 Your Spells              Type           Power        Failure   Level
a - Beastly Appendage     Tmut           #####.       1%          1
b - Wereblood             Tmut           #####...     1%          2
c - Sandblast             Erth           ####..       1%          1
d - Stone Arrow           Conj/Erth      ####..       4%          3
e - Blade Hands           Tmut           #####.....   30%         5

Your spell library contained the following spells:

 Spells                   Type           Power        Failure   Level
 Corona                   Hex            ####...      1%          1
 Sting                    Tmut/Pois      ####         1%          1
 Passwall                 Tmut/Erth      #####...     1%          2
 Ensorcelled Hibernation  Hex/Ice        ####..       2%          2
 Poisonous Vapours        Pois/Air       ####..       2%          2
 Slow                     Hex            ####....     2%          2
 Swiftness                Air            ####....     2%          2
 Confusing Touch          Hex            ####....     4%          3
 Dazzling Flash           Conj/Hex       ####..       4%          3
 Ignite Poison            Fire/Tmut/Pois #####...     4%          3
 Inner Flame              Hex/Fire       ####....     4%          3
 Mephitic Cloud           Conj/Pois/Air  ####....     4%          3
 Portal Projectile        Hex/Tloc       ####..       4%          3
 Spider Form              Tmut/Pois      #####.....   4%          3
 Tukima's Dance           Hex            ####....     4%          3
 Ice Form                 Ice/Tmut       #####...     14%         4
 Petrify                  Tmut/Erth      #####...     14%         4
 Cause Fear               Hex            ####......   17%         4
 Leda's Liquefaction      Hex/Erth       ####......   17%         4
 Olgreb's Toxic Radiance  Pois           ####....     17%         4
 Passage of Golubria      Tloc           N/A          17%         4
 Lee's Rapid Deconstruct  Erth           ####......   43%         5
 Invisibility             Hex            ####....     95%         6


Dungeon Overview and Level Annotations

Branches:
Dungeon (11/15)            Temple (1/1) D:6            Lair (6/6) D:11
 Shoals (0/4) Lair:4       Spider (0/4) Lair:4          Orc (0/2) D:10
Gauntlet (visited)
  Slime: Lair:5-6

Altars:
Ashenzari
Cheibriados
Dithmenos
Elyvilon
Fedhas
Gozag
Hepliaklqana
Kikubaaqudgha
Makhleb
Nemelex Xobeh
Okawaru
Qazlal
Ru
Sif Muna
Trog
Uskayaw
Vehumet
Wu Jian
Xom
Yredelemnul
Zin
The Shining One

Shops:
D:6 ?   D:9 [

Portals:
Abyss: D:10

Annotations:
D:7 1 runed translucent door, ANON1729's ghost, novice BaSu
D:10 2 transporters, ANON1729's ghost, novice BaSu


Innate Abilities, Weirdness & Mutations

Your experience applies equally to all skills.
You have very sharp teeth.
Your uncanny sense of smell can sniff out nearby items.
You have a pair of horns on your head.
You have razor-sharp toenails.


Message History

Okawaru accepts your kill.
You hit the swamp worm. You hit the tyrant leech. The swamp worm bites you!!
The tyrant leech bites you!
The tyrant leech draws strength from your injuries!
The moth of wrath goads the swamp worm on!
The swamp worm goes berserk!
The moth of wrath goads the tyrant leech on!
The tyrant leech goes berserk!
The moth of wrath goads the swamp worm on!
The swamp worm goes berserk!
The swamp worm bites you!!
* * * LOW HITPOINT WARNING * * *
You are too injured to fight recklessly!
You are too injured to fight recklessly!
Unknown command.
You barely miss the swamp worm. You claw the swamp worm!
The swamp worm is moderately wounded.
Your chain mail of the Lost Path prevents you from hitting the swamp worm.
You miss the tyrant leech. The swamp worm closely misses you.
The swamp worm barely misses you. The swamp worm bites you!!
You die...

##...##................
#...##(...P#......^....
##..##.....###..........
∆
#(.##....###..#P...≈≈≈≈≈
#.##...###.P####..≈≈≈≈≈≈
###.)###.......≈≈≈≈≈###≈
∆ ####....P....≈≈≈###
#......w....≈≈P# ∆
#.....@w.y..≈≈PPw≈
###...w.....≈≈≈#w≈≈ ∆
∆###.......≈≈≈###(# ∆
###.P#..#≈≈≈≈ #
###..###≈≈≈≈ ### #≈≈≈ ∆
##.


You could see a tyrant leech (berserk), a moth of wrath and 2 swamp worms.

Vanquished Creatures
  A minotaur (Gauntlet)
  Snorg (Lair:4)
  5 hydras
  Harold (D:8)
  6 death yaks (Lair:4)
  Erica (D:11)
  A catoblepas (Lair:5)
  2 tengu warriors (D:11)
  An unseen horror (D:11)
  A deep elf mage (D:11)
  2 ugly things (D:11)
  An oklob plant (Lair:3)
  A wolf spider (Lair:6)
  12 elephants
  Maurice (D:9)
  2 black mambas (Lair:2)
  2 gargoyles
  13 cane toads
  13 komodo dragons
  A kobold demonologist (D:9)
  3 rime drakes
  A yaktaur (D:11)
  A polar bear (Lair:5)
  2 trolls
  8 blink frogs
  A tyrant leech (Gauntlet)
  3 hornets (Gauntlet)
  2 shadows
  A wraith (D:10)
  20 yaks
  7 wyverns
  4 basilisks (Lair:3)
  Menkaure (D:4)
  5 swamp worms
  3 wargs (D:11)
  A steam dragon (D:11)
  12 water moccasins
  3 sky beasts
  5 orc warriors
  2 black bears
  2 phantoms
  A necrophage (D:11)
  An ice beast (D:7)
  6 centaurs
  15 wolves
  12 ogres
  A big kobold (D:9)
  16 bullfrogs
  2 gnoll sergeants
  5 scorpions
  9 wights
  A bullfrog zombie (D:5)
  2 jellies
  A crimson imp (D:6)
  4 orc priests
  A centaur skeleton (D:9)
  3 hounds
  2 bullfrog skeletons
  Jessica (D:2)
  6 iguanas (Lair:3)
  11 orc wizards
  6 worker ants
  2 hound zombies (D:5)
  2 hound skeletons (D:7)
  A worker ant zombie (D:11)
  A howler monkey skeleton (D:11)
  11 gnolls
  13 adders
  A shadow imp (D:9)
  2 white imps
  2 ufetubi
  An ooze (D:4)
  An adder skeleton (D:5)
  2 adder zombies (D:5)
  4 worms
  2 dart slugs
  7 leopard geckos
  31 orcs
  2 ball pythons
  10 giant cockroaches
  6 goblins
  11 hobgoblins
  13 jackals
  3 quokkas
  8 bats
  4 frilled lizards
  A jackal skeleton (D:7)
  10 kobolds
  A leopard gecko zombie (D:7)
  A quokka skeleton (D:4)
  2 quokka zombies
  9 rats
425 creatures vanquished.

Vanquished Creatures (collateral kills)
  A shadow (Gauntlet)
1 creature vanquished.

Vanquished Creatures (others)
  18 fungi
  39 plants
57 creatures vanquished.

Grand Total: 483 creatures vanquished

Notes
Turn   | Place    | Note
-------+----------+-------------------------------------------
     0 | D:1      | Kinoniko the Gnoll Transmuter began the quest for the Orb.
     0 | D:1      | Reached XP level 1. HP: 17/17 MP: 6/6
   214 | D:1      | Reached XP level 2. HP: 23/23 MP: 7/7
   659 | D:1      | Reached XP level 3. HP: 28/28 MP: 9/9
   666 | D:1      | Reached skill level 5 in Spellcasting
  1077 | D:2      | Reached skill level 1 in Invocations
  1294 | D:2      | Reached skill level 1 in Short Blades
  1294 | D:2      | Reached skill level 1 in Long Blades
  1294 | D:2      | Reached skill level 1 in Axes
  1294 | D:2      | Reached skill level 1 in Maces & Flails
  1294 | D:2      | Reached skill level 1 in Polearms
  1294 | D:2      | Reached skill level 1 in Staves
  1294 | D:2      | Reached skill level 1 in Slings
  1294 | D:2      | Reached skill level 1 in Bows
  1294 | D:2      | Reached skill level 1 in Crossbows
  1294 | D:2      | Reached skill level 1 in Throwing
  1294 | D:2      | Reached skill level 1 in Armour
  1294 | D:2      | Reached skill level 1 in Stealth
  1294 | D:2      | Reached skill level 1 in Shields
  1294 | D:2      | Reached skill level 1 in Evocations
  1693 | D:2      | Reached XP level 4. HP: 28/34 MP: 11/11
  2051 | D:2      | Noticed Jessica
  2068 | D:2      | Killed Jessica
  2068 | D:2      | Reached skill level 1 in Conjurations
  2068 | D:2      | Reached skill level 1 in Hexes
  2068 | D:2      | Reached skill level 1 in Summonings
  2068 | D:2      | Reached skill level 1 in Necromancy
  2068 | D:2      | Reached skill level 1 in Translocations
  2068 | D:2      | Reached skill level 1 in Fire Magic
  2068 | D:2      | Reached skill level 1 in Ice Magic
  2068 | D:2      | Reached skill level 1 in Air Magic
  2068 | D:2      | Reached skill level 1 in Earth Magic
  2068 | D:2      | Reached skill level 1 in Poison Magic
  2269 | D:2      | Reached XP level 5. HP: 40/40 MP: 10/12
  2285 | D:2      | Found a hazy altar of Hepliaklqana.
  3298 | D:4      | Found a stormy altar of Qazlal.
  3332 | D:4      | Reached XP level 6. HP: 42/47 MP: 10/13
  3429 | D:4      | Found a sacrificial altar of Ru.
  3687 | D:4      | Found a sparkling altar of Nemelex Xobeh.
  3813 | D:4      | Noticed a phantom
  3822 | D:4      | Reached skill level 5 in Dodging
  3860 | D:4      | Killed a phantom
  3860 | D:4      | Reached XP level 7. HP: 7/52 MP: 4/15
  4469 | D:4      | Reached skill level 7 in Unarmed Combat
  4795 | D:5      | Entered Level 5 of the Dungeon
  4795 | D:5      | Noticed Menkaure
  5019 | D:4      | Killed Menkaure
  5643 | D:5      | Learned a level 2 spell: Wereblood
  5940 | D:5      | Reached XP level 8. HP: 46/60 MP: 10/16
  6233 | D:6      | Found a shimmering altar of Xom.
  6237 | D:6      | Found a burning altar of Makhleb.
  6467 | D:6      | Found a staircase to the Ecumenical Temple.
  7381 | Temple   | Entered the Ecumenical Temple
  7495 | Temple   | Became a worshipper of Warmaster Okawaru
  7556 | D:6      | Found Lassets's Magic Scroll Shop.
  7559 | D:6      | Bought a scroll of enchant armour for 105 gold pieces
  7919 | D:6      | Found a snail-covered altar of Cheibriados.
  7966 | D:7      | Noticed a gargoyle
  8129 | D:7      | Killed a gargoyle
  8129 | D:7      | Reached * piety under Okawaru
  8129 | D:7      | Reached skill level 5 in Transmutations
  8129 | D:7      | Reached XP level 9. HP: 30/66 MP: 10/18
  8401 | D:7      | Found a runed translucent door.
  8724 | D:7      | Reached skill level 5 in Fighting
  9055 | D:7      | Noticed ANON1729's ghost (novice BaSu)
  9408 | D:8      | Reached skill level 8 in Unarmed Combat
  9793 | D:8      | Noticed Harold
  9821 | D:8      | Killed Harold
  9821 | D:8      | Reached ** piety under Okawaru
  9821 | D:8      | Reached skill level 5 in Invocations
  9821 | D:8      | Reached XP level 10. HP: 74/74 MP: 18/20
 10781 | D:9      | Found Jiuk's Armour Boutique.
 10806 | D:9      | Reached skill level 5 in Short Blades
 10806 | D:9      | Reached skill level 5 in Long Blades
 10806 | D:9      | Reached skill level 5 in Axes
 10806 | D:9      | Reached skill level 5 in Maces & Flails
 10806 | D:9      | Reached skill level 5 in Polearms
 10806 | D:9      | Reached skill level 5 in Staves
 10806 | D:9      | Reached skill level 5 in Slings
 10806 | D:9      | Reached skill level 5 in Bows
 10806 | D:9      | Reached skill level 5 in Crossbows
 10806 | D:9      | Reached skill level 5 in Throwing
 10806 | D:9      | Reached skill level 5 in Armour
 10806 | D:9      | Reached skill level 5 in Stealth
 10806 | D:9      | Reached skill level 5 in Shields
 10806 | D:9      | Reached skill level 5 in Evocations
 10823 | D:9      | Found a shadowy altar of Dithmenos.
 10874 | D:9      | Reached *** piety under Okawaru
 11066 | D:9      | Found an ornate altar of the Wu Jian Council.
 11162 | D:9      | Found a bloodstained altar of Trog.
 11362 | D:9      | Noticed Maurice
 11525 | D:9      | Killed Maurice
 11525 | D:9      | Reached **** piety under Okawaru
 11602 | D:9      | Found a shimmering blue altar of Sif Muna.
 11603 | D:9      | Found an ancient bone altar of Kikubaaqudgha.
 11603 | D:9      | Found a basalt altar of Yredelemnul.
 11604 | D:9      | Found a hide-covered altar of Uskayaw.
 11704 | D:9      | Noticed a kobold demonologist
 11806 | D:9      | Received a gift from Okawaru
 11849 | D:9      | Noticed a smoke demon
 11859 | D:9      | Killed a kobold demonologist
 12546 | D:10     | Entered Level 10 of the Dungeon
 12626 | D:10     | Reached XP level 11. HP: 83/83 MP: 22/22
 13228 | D:10     | Reached skill level 9 in Unarmed Combat
 13350 | D:10     | Found a one-way gate to the infinite horrors of the Abyss.
 13350 | D:10     | Noticed ANON1729's ghost (novice BaSu)
 13350 | D:10     | Identified the +9 trident of the Snake Pit {distort, Str+3}
 13353 | D:10     | Noticed a hell hog
 13361 | D:10     | Found a transporter.
 13365 | D:10     | Found a transporter.
 13488 | D:10     | Found a staircase to the Orcish Mines.
 13637 | D:11     | Found a gate leading to a gauntlet.
 13643 | Gauntlet | Entered a Gauntlet
 13643 | Gauntlet | Found a transporter.
 13643 | Gauntlet | Found a transporter.
 13643 | Gauntlet | Found a runed translucent door.
 13643 | Gauntlet | Found a runed translucent door.
 13643 | Gauntlet | Noticed a sixfirhy
 13645 | Gauntlet | Found a transporter.
 13645 | Gauntlet | Found a transporter.
 13649 | Gauntlet | Found a transporter.
 13649 | Gauntlet | Found a transporter.
 13673 | Gauntlet | Found a runed translucent gate.
 13673 | Gauntlet | Found a runed translucent gate.
 13673 | Gauntlet | Found a runed translucent gate.
 13675 | Gauntlet | Found a transporter.
 13679 | Gauntlet | Found a transporter.
 13690 | Gauntlet | Found a transporter.
 13703 | Gauntlet | Found a transporter.
 13705 | Gauntlet | Noticed a death ooze
 13717 | Gauntlet | Found a transporter.
 13721 | Gauntlet | Found a transporter.
 13734 | Gauntlet | Noticed a death scarab
 13853 | Gauntlet | Reached skill level 5 in Conjurations
 13853 | Gauntlet | Reached skill level 5 in Hexes
 13853 | Gauntlet | Reached skill level 5 in Summonings
 13853 | Gauntlet | Reached skill level 5 in Necromancy
 13853 | Gauntlet | Reached skill level 5 in Translocations
 13853 | Gauntlet | Reached skill level 5 in Fire Magic
 13853 | Gauntlet | Reached skill level 5 in Ice Magic
 13853 | Gauntlet | Reached skill level 5 in Air Magic
 13853 | Gauntlet | Reached skill level 5 in Earth Magic
 13853 | Gauntlet | Reached skill level 5 in Poison Magic
 14100 | Gauntlet | Identified a scroll of acquirement
 14100 | Gauntlet | Acquired 593 gold pieces
 14337 | Gauntlet | Reached ***** piety under Okawaru
 14641 | Gauntlet | Noticed a minotaur
 14660 | Gauntlet | Killed a minotaur
 14933 | Gauntlet | Got a heavily runed scale mail
 14944 | Gauntlet | Identified the +2 scale mail of the Barnacle {rElec Str+2
                  | Stlth+} (You found it in a Gauntlet)
 14954 | D:11     | Noticed Erica
 14970 | D:11     | Killed Erica
 14970 | D:11     | Received a gift from Okawaru
 15300 | D:11     | Noticed a deep elf mage
 15332 | D:11     | Killed a deep elf mage
 15335 | D:11     | Noticed an unseen horror
 15337 | D:11     | Killed an unseen horror
 15593 | D:11     | Noticed a red ugly thing
 15616 | D:11     | Killed a red ugly thing
 15963 | D:11     | Reached XP level 12. HP: 91/91 MP: 22/24
 16115 | D:11     | Noticed a tengu warrior
 16130 | D:11     | Killed a tengu warrior
 16141 | D:11     | Received a gift from Okawaru
 16226 | D:11     | Noticed a tengu warrior
 16264 | D:11     | Killed a tengu warrior
 16330 | D:11     | Found a staircase to the Lair.
 16342 | D:11     | Learned a level 1 spell: Sandblast
 16346 | D:11     | Learned a level 3 spell: Stone Arrow
 16920 | D:11     | Noticed an ogre mage
 16924 | D:11     | Noticed a two-headed ogre
 17249 | Lair:1   | Entered Level 1 of the Lair of Beasts
 17273 | Lair:1   | Got a scorched battleaxe
 17274 | Lair:1   | Identified the +5 battleaxe of Trial by Ordeal {antimagic,
                  | +Rage rC+} (You found it on level 1 of the Lair of Beasts)
 17658 | Lair:1   | Reached ****** piety under Okawaru
 18321 | Lair:1   | Reached skill level 10 in Unarmed Combat
 18583 | Lair:1   | Noticed an eight-headed hydra
 18596 | Lair:1   | Killed an eight-headed hydra
 19025 | Lair:1   | Received a gift from Okawaru
 19028 | Lair:1   | Got a shimmering chain mail {god gift}
 19029 | Lair:1   | Identified the +7 chain mail of the Lost Path {rPois MP-9
                  | Str+4} (Okawaru gifted it to you on level 1 of the Lair of
                  | Beasts)
 19893 | Lair:2   | Reached XP level 13. HP: 56/98 MP: 5/26
 22427 | Lair:3   | Received a gift from Okawaru
 23266 | Lair:4   | Found a staircase to the Shoals.
 23714 | Lair:4   | Learned a level 5 spell: Blade Hands
 23742 | Lair:4   | Received a gift from Okawaru
 24048 | Lair:4   | Received a gift from Okawaru
 24048 | Lair:4   | Reached skill level 10 in Spellcasting
 24458 | Lair:4   | Noticed Snorg
 24465 | Lair:4   | Killed Snorg
 24603 | Lair:4   | Found a hole to the Spider Nest.
 24820 | Lair:4   | Reached XP level 14. HP: 61/108 MP: 6/28
 24824 | Lair:4   | Received a gift from Okawaru
 25504 | Lair:5   | Reached skill level 10 in Dodging
 25740 | Lair:5   | Reached skill level 11 in Unarmed Combat
 26222 | Lair:5   | Found a shimmering altar of Xom.
 26563 | Lair:6   | Entered Level 6 of the Lair of Beasts
 27082 | Lair:6   | Demolished by a swamp worm

Illustrated notes

Levels and vault maps discovered:
D:1:      scummos_arrival_gate, layout_loops_corners, chequers_garden,
          corner_web_ring
D:2:      layout_loops_ring, overflow_temple_1_default, uniq_jessica
D:3:      layout_basic, serial_curves, eino_curves_03, eino_curves_03
D:4:      layout_gridville, nicolae_ru_awakened_eye,
          nemelex_xobeh_ov_fountains_minmay, lemuel_crystal_altar
D:5:      layout_basic, uniq_menkaure
D:6:      layout_basic, grunt_temple_overflow_champion_of_chaos,
          cheibrodos_worm_habitat, minmay_temple_entry_grid, serial_shops, shop
D:7:      layout_rooms, gammafunk_ghost_grave,
          hangedman_abyss_or_decor_lesser_grid
D:8:      layout_basic, lightli_minifort, uniq_harold
D:9:      minmay_clustersquares, layout_cave_pods, marbit_many_paths,
          lemuel_doored_altar, chequers_temple_overflow_statue_of_worship,
          basic_altar, serial_shops, nicolae_shop_crystal, uniq_maurice
D:10:     layout_roguey, orc_0_dummy, gammafunk_ghost_abyssal_escape
D:11:     minmay_the_grid_square_5x5_5x5 [minmay_the_grid_square_5x5_gyroscope,
          minmay_the_grid_square_5x5_tri_point,
          minmay_the_grid_square_5x5_three_small,
          minmay_the_grid_square_5x5_inner_v,
          minmay_the_grid_square_5x5_detours,
          minmay_the_grid_square_5x5_one_wall,
          minmay_the_grid_square_5x5_prize_gold,
          minmay_the_grid_square_5x5_bridge,
          minmay_the_grid_square_5x5_prize_itemx,
          minmay_the_grid_square_5x5_lines, minmay_the_grid_square_5x5_n_small,
          minmay_the_grid_square_5x5_slash,
          minmay_the_grid_square_5x5_prize_waves,
          minmay_the_grid_square_5x5_beaten_path,
          minmay_the_grid_square_5x5_meh,
          minmay_the_grid_square_5x5_half_checkered,
          minmay_the_grid_square_5x5_prize_open,
          minmay_the_grid_square_5x5_checkered,
          minmay_the_grid_square_5x5_prize_pseudospiral,
          minmay_the_grid_square_5x5_two_small,
          minmay_the_grid_square_5x5_minimal,
          minmay_the_grid_square_5x5_intrusive_squares,
          minmay_the_grid_square_5x5_broken_cross,
          minmay_the_grid_square_5x5_fat_x, minmay_the_grid_square_5x5_two],
          layout_loops_ring, erik_lair_orcish_takeover, gauntlet_entry_generic,
          uniq_erica
Temple:   dpeg_three_leaves_temple
Lair:1:   layout_chaotic_city, columned_hall_lemuel, beast_lair_carwin_3
Lair:2:   layout_hall_layers
Lair:3:   beast_lair_carwin_large_4, layout_chaotic_city,
          minmay_lair_oklob_chamber
Lair:4:   layout_roguey, minmay_shoals_entry_centaurs, dummy_spider_entry,
          st_stairs_8, uniq_snorg
Lair:5:   layout_big_grid, basic_altar
Lair:6:   hangedman_lair_tendril_chambers, layout_cellular_growth,
          minmay_slime_entry_pillars, chequers_serial_rivers_micro_a,
          serial_bayou_pond_c, worms_lemuel

Skill      XL: |  1  2  3  4  5  6  7  8  9 10 11 12 13 14 |
---------------+-------------------------------------------+-----
Spellcasting   | 5 6 7 8 9 10 | 10.4
Invocations    | 1 2 3 4 5 6 7 8 9 |  9.9
Short Blades   | 1 2 3 4 5 6 7 8 9 |  9.1
Long Blades    | 1 2 3 4 5 6 7 8 9 |  9.1
Axes           | 1 2 3 4 5 6 7 8 9 |  9.1
Maces & Flails | 1 2 3 4 5 6 7 8 9 |  9.1
Polearms       | 1 2 3 4 5 6 7 8 9 |  9.1
Staves         | 1 2 3 4 5 6 7 8 9 |  9.1
Slings         | 1 2 3 4 5 6 7 8 9 |  9.1
Bows           | 1 2 3 4 5 6 7 8 9 |  9.1
Crossbows      | 1 2 3 4 5 6 7 8 9 |  9.1
Throwing       | 1 2 3 4 5 6 7 8 9 |  9.1
Armour         | 1 2 3 4 5 6 7 8 9 |  9.1
Stealth        | 1 2 3 4 5 6 7 8 9 |  9.1
Shields        | 1 2 3 4 5 6 7 8 9 |  9.1
Evocations     | 1 2 3 4 5 6 7 8 9 |  9.1
Conjurations   | 1 2 3 4 5 6 7 |  7.6
Hexes          | 1 2 3 4 5 6 7 |  7.6
Summonings     | 1 2 3 4 5 6 7 |  7.6
Necromancy     | 1 2 3 4 5 6 7 |  7.6
Translocations | 1 2 3 4 5 6 7 |  7.6
Fire Magic     | 1 2 3 4 5 6 7 |  7.6
Ice Magic      | 1 2 3 4 5 6 7 |  7.6
Air Magic      | 1 2 3 4 5 6 7 |  7.6
Earth Magic    | 1 2 3 4 5 6 7 |  7.6
Poison Magic   | 1 2 3 4 5 6 7 |  7.6
Fighting       | 3 4 5 6 7 8 9 |  9.5
Transmutations | 4 5 6 7 8 |  8.6
Dodging        | 5 6 7 8 9 10 | 10.2
Unarmed Combat | 7 8 9 10 11 | 11.1

Action                   |  1- 3 |  4- 6 |  7- 9 | 10-12 | 13-15 || total
-------------------------+-------+-------+-------+-------+-------++-------
Melee: Unarmed           |    97 |       |       |       |       ||    97
       Bite              |     8 |    24 |    35 |    95 |    52 ||   214
       Punch             |     1 |       |       |     1 |     2 ||     4
       Whip              |    37 |   136 |       |       |       ||   173
       Kick              |    10 |    30 |    58 |   145 |    92 ||   335
       Headbutt          |     3 |    14 |    46 |    89 |    54 ||   206
       Spear             |       |   142 |    73 |       |       ||   215
       Trident           |       |       |   219 |   565 |    41 ||   825
       Flail             |       |       |   103 |       |       ||   103
       Battleaxe         |       |       |       |   146 |   284 ||   430
Throw: Dart              |       |       |       |     3 |       ||     3
 Cast: Beastly Appendage |     4 |     7 |    22 |    33 |    21 ||    87
       Wereblood         |       |       |     4 |    15 |    10 ||    29
Invok: Heroism           |       |       |       |     6 |     3 ||     9
 Abil: Evoke Berserk Rag |       |       |       |     3 |     1 ||     4
  Use: Scroll            |       |     1 |    14 |    17 |    12 ||    44
       Potion            |       |       |       |     6 |     2 ||     8
 Stab: Sleeping          |       |     2 |     2 |    17 |       ||    21
Armor: Robe              |     6 |       |       |       |       ||     6
       Ring mail         |    33 |    90 |   120 |     4 |       ||   247
       Scale mail        |       |       |       |   243 |       ||   243
       Chain mail        |       |       |       |    26 |   308 ||   334
Dodge: Dodged            |    82 |   177 |   253 |   435 |   404 ||  1351
Block: Buckler           |    19 |    59 |   114 |   157 |       ||   349

Table legend: (Time is in decaauts)
 A = Elapsed time spent in this place.
 B = Non-inter-level travel time spent in this place.
 C = Inter-level travel time spent in this place.
 D = Time resting spent in this place.
 E = Time spent auto-exploring this place.
 F = Levels seen in this place.
 G = Mean time per level.
                   A        B        C        D        E       F      G
               +--------+--------+--------+--------+--------+-----+--------+
         Total |  27231 |  26641 |    590 |  12712 |  10116 |  19 | 1433.2 |
       Dungeon |  15830 |  15388 |    442 |   6434 |   6561 |  11 | 1439.1 |
        Temple |    126 |     89 |     37 |      0 |     87 |   1 |  126.0 |
          Lair |   9972 |   9862 |    110 |   5419 |   3353 |   6 | 1662.0 |
      Gauntlet |   1302 |   1302 |      0 |    858 |    115 |   1 | 1302.0 |
               +--------+--------+--------+--------+--------+-----+--------+

Top non-repeatable levels by time:
    D:11: 2273 daAuts
  Lair:3: 2251 daAuts
  Lair:1: 2136 daAuts
  Lair:4: 2090 daAuts
     D:4: 2068 daAuts
     D:9: 1769 daAuts
     D:6: 1765 daAuts
     D:8: 1619 daAuts
  Lair:2: 1546 daAuts
     D:2: 1438 daAuts
  Lair:5: 1424 daAuts
Gauntlet: 1302 daAuts
    D:10: 1099 daAuts
     D:7: 1059 daAuts
     D:1: 1027 daAuts
